 Dungeon Crawl Stone Soup version 0.25.1-2-g60ff931df9 (webtiles) character file.

Game seed: 4976922097486921292

119 sekkano the Skirmisher (level 4, -2/60 HPs)
             Began as a Draconian Berserker on Nov 3, 2020.
             Was a Believer of Trog.
             Slain by an orc priest
             ... wielding a +0 hand axe
              (9 damage)
             ... on level 4 of the Dungeon on Nov 7, 2020.
             The game lasted 00:24:18 (2308 turns).

sekkano the Skirmisher (Draconian Berserker)        Turns: 2308, Time: 00:24:18

Health: -2/60      AC:  7    Str: 20    XL:     4   Next: 74%
Magic:  4/4        EV: 13    Int:  8    God:    Trog [**....]
Gold:   148        SH:  0    Dex: 10    Spells: 3/3 levels left

rFire    . . .     SeeInvis .   a - +1 falchion
rCold    . . .     Gourm    .   (no shield)
rNeg     . . .     Faith    .   (armour unavailable)
rPois    .         Spirit   .   (helmet restricted)
rElec    .         Reflect  .   (no cloak)
rCorr    .         Harm     .   o - +1 pair of gloves
MR       ++...                  (no boots)
Stlth    ..........             (no amulet)
HPRegen  1.20/turn              (no ring)
MPRegen  0.09/turn              (no ring)

@: berserking, very slightly contaminated, regenerating, very quick
A: unfitting armour, cold-blooded, AC +5
a: Berserk, Trog's Hand, Renounce Religion


You were on level 4 of the Dungeon.
You worshipped Trog.
Trog was pleased with you.
You were near starving.

You visited 1 branch of the dungeon, and saw 5 of its levels.

You collected 148 gold pieces.

Inventory:

Hand Weapons
 a - a +1 falchion (weapon)
 d - a +0 club
 e - a +0 spear
 i - a +0 club
Missiles
 f - 43 sling bullets
 h - 110 stones (quivered)
 k - 57 arrows
 z - 10 poisoned darts
Armour
 o - a +1 pair of gloves (worn)
 v - a +0 ring mail
 x - a +0 ring mail
Jewellery
 A - an uncursed ring of protection from fire {unknown}
Scrolls
 u - 3 scrolls of identify {unknown}
 w - a scroll of teleportation {unknown}
 y - a scroll of immolation {unknown}
 B - a scroll of amnesia {unknown}
Potions
 c - 2 potions of brilliance {unknown}
 g - a potion of ambrosia {unknown}
 j - a potion of berserk rage {unknown}
 l - 6 potions of curing {unknown}
 n - a potion of resistance {unknown}
 p - a potion of might {unknown}
 q - 2 potions of mutation {unknown}
 r - 3 potions of degeneration {unknown}
 s - a potion of heal wounds {unknown}
Comestibles
 b - 8 rations


   Skills:
 + Level 4.3 Fighting
 + Level 4.1 Long Blades
 + Level 3.3 Dodging
 + Level 0.9 Stealth


You had 3 spell levels left.
You didn't know any spells.
Your spell library was empty.

Dungeon Overview and Level Annotations

Branches:
Dungeon (5/15)
 Temple: D:4-7

Altars:
Ru
Yredelemnul
Zin

Annotations:
D:5 Eustachio


Innate Abilities, Weirdness & Mutations

Your plain brown scales are hard. (AC +5)
You cannot fit into any form of body armour.
You are cold-blooded and may be slowed by cold attacks.


Message History

The orc priest hits you but does no damage.
You barely miss the orc.
The orc is heavily wounded.
The orc hits you with a +0 whip.
* * * LOW HITPOINT WARNING * * *
You hit the orc.
You kill the orc!
Trog accepts your kill.
The orc priest hits you but does no damage.
You barely miss the orc priest. The orc hits you with a +0 whip.
* * * LOW HITPOINT WARNING * * *
You hit the orc priest.
The orc priest is lightly wounded.
The orc hits you with a +0 whip!
* * * LOW HITPOINT WARNING * * *
You slash the orc!
You kill the orc!
Trog accepts your kill.
The orc priest hits you with a +0 hand axe!
You die...

.. ... ## ...a
#..# #.... #...
##..... ##$..#
###.......
#.....####o)...#
.......so†@...#
........oo#####
#.....o##
#....>.#
#......>.#
..........o#
........o..s.
...........o.#
............o.#


You could see a scorpion, an orc priest and 4 orcs.

Vanquished Creatures
  An orc wizard (D:4)
  An adder (D:2)
  3 oozes
  2 worms (D:2)
  4 dart slugs
  A leopard gecko (D:1)
  4 orcs (D:4)
  A ball python (D:1)
  2 giant cockroaches (D:1)
  9 goblins
  4 hobgoblins (D:1)
  3 jackals (D:1)
  2 kobolds
  4 bats (D:1)
  2 frilled lizards
  5 rats (D:1)
  A spectral orc (D:3)
49 creatures vanquished.

Notes
Turn   | Place    | Note
-------+----------+-------------------------------------------
     0 | D:1      | sekkano the Draconian Berserker began the quest for the
                  | Orb.
     0 | D:1      | Reached XP level 1. HP: 19/19 MP: 1/1
   112 | D:1      | Reached XP level 2. HP: 16/27 MP: 2/2
   448 | D:1      | Reached XP level 3. HP: 33/33 MP: 3/3
   847 | D:1      | Reached ** piety under Trog
  1406 | D:2      | Reached XP level 4. HP: 40/40 MP: 4/4
  1789 | D:2      | Found a glowing silver altar of Zin.
  1969 | D:3      | Found a basalt altar of Yredelemnul.
  2049 | D:3      | Found a sacrificial altar of Ru.
  2149 | D:3      | You fall into a shaft and drop 2 floors!
  2149 | D:5      | Entered Level 5 of the Dungeon
  2232 | D:5      | Noticed Eustachio
  2308 | D:4      | Slain by an orc priest

Illustrated notes

Levels and vault maps discovered:
D:1:      wheals_arrival_linesprint, layout_basic, hangedman_decor_peaks_small,
          minmay_vboxes
D:2:      cheibrodos_helix_gallery, layout_loops_cross, lemuel_crystal_altar
D:3:      layout_loops_ring, yredelemnul_forgotten_temple_becter,
          cheibrodos_ashenzari_chains, lemuel_coloured_pillars_altar,
          lemuel_doored_altar, first_ration, moated_statue,
          uniq_crazy_yiuf_cottage, uniq_purgy, uniq_natasha, uniq_robin
D:4:      layout_cave_pools, okawaru_metal_pillars_3, serial_shops,
          nicolae_shop_overgrown_old_shop
D:5:      layout_loops_ring, slow_altar_2, serial_shops, shop, uniq_eustachio

Skill      XL: |  1  2  3  4 |
---------------+-------------+-----
Fighting       | 4 |  4.3
Dodging        | 3 |  3.3
Long Blades    | 4 |  4.1
Stealth        | |  0.9

Action                   |  1- 3 |  4- 6 || total
-------------------------+-------+-------++-------
Melee: Falchion          |    70 |    47 ||   117
       Tailslap          |    10 |     7 ||    17
Invok: Berserk           |       |     1 ||     1
       Trog's Hand       |       |     1 ||     1
  Use: Scroll            |     2 |     3 ||     5
 Stab: Sleeping          |     1 |     1 ||     2
  Eat: Chunk             |     1 |     3 ||     4
Armor: Skin              |    22 |    29 ||    51
Dodge: Dodged            |    35 |    67 ||   102
       Rpst.: Falchion   |    17 |    19 ||    36
